← All builds
Tech / Armada / Economy first / OBSERVED BUILD

Standard tech

Armada Tech (Eco) build order · Supreme Isthmus

Rushes the T2 bot lab and advanced metal extractors while supplying teammates with constructors, scaling eco through the standard Citadel/Umbrella/Platypus transition.

Usually first T2 con to Geo (83%)

#t2 #eco #team support · 1674 distinct matches · 261 players · 60% of Armada Tech games · team won 53% of 1989 · Recently observed

HOW TO PLAY IT

Key timing: T2 factory by 4:15

  1. Open 3 mex and heavy wind to fund a fast T2 rush.
  2. Put down Bot Lab, planning to eat it for reclaim soon after.
  3. Get Advanced Bot Lab up, hitting the T2 factory rush timing.
  4. Upgrade mex to Advanced Metal Extractor to lock in team metal income.
  5. Eat Advanced Bot Lab and keep sending cons to Geo and Pond.

Phase by phase

TYPICAL OF ITS 1674 GAMES
  1. 1
  2. 2
  3. 3
  4. 4
PLAY THE OPENING

Follow the example game's first 6:00 step by step: what to build now, what comes next, and where it goes. At 1× it keeps pace with your own game.

  1. 1

    Up to the Bot Lab

    Economy
    • Metal Extractor3Mex
    • Wind Turbine4Wind
    Order
    1. Bot LabBot Lab after 3 mex, 4 winddone ~1:18, middle half 1:13–1:32

    Some games also: energy storage (32%)

    By 1:01 in all: 3 mex · 4 wind

    The example game in this phase · 5 steps
    1. Mex ×3
    2. Wind ×4
    3. Energy storage
    4. Wind
    5. Bot LabBot Labdone 1:38 · typical 1:18
  2. 2

    Bot Lab to Advanced Bot Lab

    Economy
    • Metal Extractor1Mex
    • Wind Turbine8Wind
    • Energy Storage1Energy storage
    Order
    1. Advanced Bot LabAdvanced Bot Lab after 4 mex, 12 wind, 3 con turretdone ~4:16, middle half 4:04–4:30
    Builders
    • Construction Turret3 Con turret
    • Lazarus3 Lazarus
    • Construction Bot2 Con bot
    • Construction Bot1 Con bot for allies

    Some games also: converter (36%)

    By 3:18 in all: 4 mex · 12 wind · 1 energy storage · 3 con turret

    The example game in this phase · 14 steps
    1. Wind
    2. LazarusLazarus
    3. Wind
    4. LazarusLazarus ×2
    5. Construction BotCon bot
    6. Construction BotCon botfor Air
    7. Construction BotCon bot ×3
    8. Mex
    9. Converter
    10. Con turret ×2
    11. Converter
    12. Wind
    13. Converter
    14. Advanced Bot LabAdvanced Bot Labdone 4:23 · typical 4:16
  3. 3

    Advanced Bot Lab to 5:00

    Economy
    • Wind Turbine3Wind
    Order
    1. Bot LabEat Bot Lab
    Builders
    • Advanced Construction Bot1 T2 con bot for allies

    Some games also: converter (35%)

    By 5:00 in all: 4 mex · 15 wind · 1 converter · 1 energy storage · 3 con turret

    The example game in this phase · 14 steps
    1. Wind
    2. Converter
    3. Wind ×2
    4. Bot LabEat Bot Labreclaimed for its metal
    5. Converter
    6. Wind ×2
    7. Advanced Construction BotT2 con bot
    8. Converter
    9. Wind
    10. Advanced Construction BotT2 con botfor Air
    11. Wind
    12. Advanced Metal ExtractorT2 mexdone 5:52 · typical 5:28
    13. SharpshooterSniper botfor Ponddone 5:12
    14. Converter
  4. 4

    5:00 to 10:00

    Economy
    • Wind Turbine43Wind
    • Energy Converter6Converter
    Builders
    • Butler9 Butler
    • Advanced Construction Bot4 T2 con bot for allies
    • Advanced Construction Bot1 T2 con bot

    Some games also: con turret (43%) · Butler for allies (37%)

    By 10:00 in all: 4 mex · 58 wind · 8 converter · 1 energy storage · 3 con turret

    The example game in this phase · 32 steps
    1. Wind
    2. SharpshooterSniper botfor Pond
    3. Wind ×6
    4. Advanced Metal ExtractorT2 mex
    5. Wind
    6. Advanced Metal ExtractorT2 mex
    7. Wind
    8. Advanced Construction BotT2 con botfor Pond
    9. Advanced Metal ExtractorT2 mex
    10. Advanced Construction BotT2 con bot ×2for Geo sea
    11. ButlerButler ×4for Geo sea
    12. UmbrellaAnti-nukedone 8:59
    13. Con turret
    14. ButlerButler ×2
    15. Con turret
    16. Fusion ReactorFusiondone 11:01
    17. ButlerButler
    18. Con turret
    19. ButlerButler ×3
    20. Advanced Bot LabEat Advanced Bot Labreclaimed for its metal
    21. Con turret
    22. Advanced Fusion ReactorAdvanced Fusion Reactordone 14:39
    23. Con turret ×3
    24. Converter ×2
    25. Con turret
    26. Converter
    27. Con turret
    28. Converter
    29. Con turret
    30. Converter ×48
    31. Advanced Fusion ReactorAdvanced Fusion Reactor
    32. Converter ×5

Counts are medians over the build's games: half of them build more, half fewer. The example game is Gieds's (43 OS, 14/10/2026); pick another.

Team trades

IN AT LEAST 30% OF ITS GAMES

You hand over

  • Construction Bot1 Con bot to Airfirst at 2:23 · in 84% of games
  • Advanced Construction Bot5 T2 con bot to Air or Geo sea or Pondfirst at 4:51 · in 99% of games
  • Butler2 Butler to Geo sea or Beach sea or Pondfirst at 9:06 · in 42% of games

You get

  • Hercules1 Light transport from Airfirst at 4:01 · in 86% of games

How it plays out

Typical game of this build, running totals by minute

Metal produced

020k40k
0:005:0010:0015:00

metal

Enemy metal destroyed

050100150
0:005:0010:0015:00

metal

Own metal lost

050100150
0:005:0010:0015:00

metal

1989 games.

Show as table
ByMetal produced: This buildEnemy metal destroyed: This buildOwn metal lost: This build
1:0038300
2:0091500
3:00165500
4:00314400
5:00484600
6:00580300
7:00723300
8:00906900
9:001120000
10:001354100
11:001625700
12:001967700
13:002346100
14:0027329074
15:0031531105130
WHAT THE NUMBERS SAY

Standard Tech play barely fights at all early, instead pouring metal into T2 infrastructure and constructors for the team.

  • + Metal produced hits 31679 by 15:00, by far the highest of any role here.
  • + T2 factory reached in 97% of games by 4:15, fastest and most reliable T2 timing.
  • − Enemy metal destroyed stays at 0 through 10:00, no early offense at all.
  • − Own metal lost also near 0, showing total avoidance of combat risk.
THE EXAMPLE YOU ARE READING

Gieds

42.7 OS · 14/10/2026

Open source match ↗

1 received units
2576 metal received · 72105 energy received

Allied construction assistance is unknown. Timings are observations, not a promise of solo reproducibility.

Typical milestones

Bot Lab1:18Middle 50%: 1:13–1:32 · n=1989
Advanced Bot Lab4:16Middle 50%: 4:04–4:30 · n=1982
Advanced Metal Extractor5:28Middle 50%: 5:05–5:58 · n=1985

Played most by

Amrissa95games of this buildTheGeneraI70games of this buildAdeus57games of this buildEl_Turco56games of this buildKOT_45games of this build